 Dungeon Crawl Stone Soup version 0.20-a0-923-g548304e (webtiles) character file.

922673 Alarkh the Thanatomancer (level 27, 0/224 HPs)
             Began as a Demonspawn Fighter on Mar 25, 2017.
             Was the Champion of Okawaru.
             Killed by dispel undead
             ... invoked by a monstrous black sun
              (54 damage)
             ... in Pandemonium on Mar 26, 2017.
             The game lasted 05:38:23 (99121 turns).

Alarkh the Thanatomancer (Demonspawn Fighter)      Turns: 99121, Time: 05:38:23

Health: 0/224      AC: 36    Str: 23    XL:     27
Magic:  38/48      EV: 28    Int: 27    God:    Okawaru [******]
Gold:   3743       SH: 15    Dex: 22    Spells: 16/69 levels left

rFire    + + +     SeeInvis +   a - +11 Maxwell's thermic engine {flame, freeze, rF- rC-}
rCold    + + +     Gourm    .   s - +0 shield "Faat" {rF+ rC+ Int+3}
rNeg     + + +     Faith    .   M - +6 pearl dragon scales
rPois    ∞         Spirit   .   o - +1 helmet {SInv}
rElec    .         Reflect  .   l - scarf "Koit" {rN+ Regen+}
rCorr    .         Harm     .   J - +0 pair of fencer's gloves {+Riposte Dex+3}
MR       +++++                  (boots unavailable)
Stlth    ++........             I - amulet of Xeocikk {RegenMP rF+++ rC+ rN+ Str-2}
Regen    0.9/turn               u - ring "Udu Babb" {MR+ Str+8 Int+3}
MPRegen  0.5/turn               e - ring "Weoxum" {+Blink rC+ MR+ Stlth+}

@: agile, lich-form, weakened, deflect missiles
A: hooves 3, rugged brown scales 3, blink, negative energy resistance 1, powered
by death 3, powered by pain 3, 50% torment resistance, black mark
}: 7/15 runes: serpentine, barnacled, slimy, silver, golden, abyssal, demonic
a: End Transformation, Blink, Heroism, Finesse, Renounce Religion, Evoke Blink


You were in Pandemonium.
You worshipped Okawaru.
Okawaru was exalted by your worship.
You were not hungry.
You were a lich.
You visited 13 branches of the dungeon, and saw 57 of its levels.
You visited Pandemonium 3 times, and saw 11 of its levels.
You visited the Abyss 1 time.
You also visited: Labyrinth, Trove, Ice Cave and Desolation.

You collected 11362 gold pieces.
You spent 7619 gold pieces at shops.

Inventory:

Hand Weapons
 a - the +11 Maxwell's thermic engine (weapon) {flame, freeze, rF- rC-}
   (You found it in the Desolation of Salt)

   It has been specially enchanted to burn those struck by it, causing extra
   injury to most foes and up to half again as much damage against particularly
   susceptible opponents.
   Big, fiery blades are also staple armaments of hydra-hunters.
   It makes you vulnerable to fire.
   It makes you vulnerable to cold.
 b - the +8 autumn katana {slice, Clar}
   (You found it on level 3 of the Tomb of the Ancients)

   It inflicts extra damage upon your enemies.
   It protects you against confusion.
 w - the +9 staff of Wucad Mu {channel}
   (You found it in a labyrinth)
Armour
 k - a +2 animal skin
 l - the scarf "Koit" (worn) {rN+ Regen+}
   (You acquired it in the Vestibule of Hell)

   It protects you from negative energy.
   It increases your rate of regeneration.
 o - a +1 helmet of see invisible (worn)
 s - the +0 shield "Faat" (worn) {rF+ rC+ Int+3}
   (You found it in a treasure trove)

   It affects your intelligence (+3).
   It protects you from fire.
   It protects you from cold.
 J - the +0 pair of fencer's gloves (worn) {+Riposte Dex+3}
   (You found it in a treasure trove)

   It affects your dexterity (+3).
 M - +6 pearl dragon scales (worn)
Jewellery
 e - the ring "Weoxum" (right hand) {+Blink rC+ MR+ Stlth+}
   (You bought it in a shop on level 10 of the Dungeon)

   [ring of protection from magic]

   It protects you from cold.
   It affects your resistance to hostile enchantments.
   It lets you blink.
   It makes you more stealthy.
 f - an uncursed ring of flight
 n - an uncursed ring of resist corrosion
 r - an uncursed ring of magical power
 u - the ring "Udu Babb" (left hand) {MR+ Str+8 Int+3}
   (You found it on level 5 of the Pits of Slime)

   [ring of intelligence]

   It affects your strength (+8).
   It affects your intelligence (+3).
   It affects your resistance to hostile enchantments.
 I - the amulet of Xeocikk (around neck) {RegenMP rF+++ rC+ rN+ Str-2}
   (You bought it in a shop on level 10 of the Dungeon)

   [amulet of magic regeneration]

   It increases your magic regeneration.
   It affects your strength (-2).
   It renders you almost immune to fire.
   It protects you from cold.
   It protects you from negative energy.
Wands
 v - a wand of digging (3/24)
Scrolls
 h - a scroll of enchant weapon
 i - 3 scrolls of amnesia
 j - 8 scrolls of recharging
 m - 3 scrolls of blinking
 q - 8 scrolls of magic mapping
 t - 6 scrolls of summoning
 D - 3 scrolls of fog
 G - 2 scrolls of fear
 N - 10 scrolls of remove curse
 R - 13 scrolls of teleportation
Potions
 c - 3 potions of resistance
 d - 8 potions of might
 g - 7 potions of haste
 p - 28 potions of curing
 A - 3 potions of berserk rage
 F - 5 potions of flight
 K - 5 potions of cancellation
 T - 12 potions of heal wounds
Miscellaneous
 O - a phantom mirror
Comestibles
 x - 3 fruits
 B - 12 bread rations


   Skills:
 - Level 16.0 Fighting
 - Level 16.0 Long Blades
 - Level 15.5 Armour
 - Level 15.3 Dodging
 - Level 15.0 Shields
 + Level 21.8 Spellcasting
 - Level 12.2 Charms
 + Level 2.6 Summonings
 - Level 23.2 Necromancy
 - Level 20.4 Transmutations
 * Level 19.1 Air Magic
 - Level 8.0 Invocations
 - Level 9.4 Evocations


You had 16 spell levels left.
You knew the following spells:

 Your Spells              Type           Power        Failure   Level  Hunger
a - Necromutation         Tmut/Necr      ########..   4%          8    N/A
b - Passwall              Tmut/Erth      ######....   1%          2    N/A
c - Vampiric Draining     Necr           ########..   0%          3    N/A
d - Deflect Missiles      Chrm/Air       #######...   1%          6    N/A
e - Dispel Undead         Necr           ########     0%          5    N/A
f - Aura of Abjuration    Summ           #####.....   28%         5    N/A
g - Controlled Blink      Tloc           N/A          100%        8    N/A
r - Regeneration          Chrm/Necr      ########..   0%          3    N/A
t - Ice Form              Ice/Tmut       ######..     1%          4    N/A
z - Tornado               Air            #######...   80%         9    N/A

Dungeon Overview and Level Annotations

Branches:
Dungeon (15/15)            Temple (1/1) D:4            Lair (6/6) D:8
 Shoals (4/4) Lair:4        Snake (4/4) Lair:3        Slime (5/5) Lair:6
    Orc (2/2) D:10            Elf (3/3) Orc:2        Vaults (5/5) D:14
  Crypt (3/3) Vaults:2       Tomb (3/3) Crypt:3      Depths (5/5) D:15
   Hell (1/1)                 Dis (0/7) Hell            Geh (0/7) Hell
    Coc (0/7) Hell            Tar (0/7) Hell            Zot (0/5) Depths:5

Altars:
Ashenzari
Cheibriados
Dithmenos
Elyvilon
Fedhas
Gozag
Hepliaklqana
Kikubaaqudgha
Makhleb
Nemelex Xobeh
Okawaru
Qazlal
Ru
Sif Muna
Trog
Uskayaw
Vehumet
Wu Jian
Xom
Yredelemnul
Zin
The Shining One
Beogh
Jiyva

Shops:
D:10 =*   Orc:1 [}   Orc:2 :?[!   Elf:1 =   Elf:2 [?:   Shoals:1 %   Snake:1 :!
Snake:3 (   Snake:4 [??[   Vaults:1 *   Vaults:2 !   Depths:3 (   Depths:5 [

Portals:
Hell: Depths:1 Depths:2 Depths:3 Depths:4 Depths:5
Abyss: Depths:1 Depths:2 Depths:4 Depths:5
Pandemonium: Orc:2 Depths:2 Depths:3
Ziggurat: Depths:4


Innate Abilities, Weirdness & Mutations

You have hooves in place of feet.
You are completely covered in rugged brown scales. (AC +3, +7% HP)
You resist negative energy. (rN+)
You regenerate a lot of health from kills.
You are powered by pain.
You are somewhat able to resist unholy torments (1 in 2 success).
Your melee attacks may debilitate your foes.
You can translocate small distances at will.


Message History

You feel your power leaking away.
You feel your attacks grow feeble.
Unknown command.
You slash the lorocyproca! You burn the lorocyproca.
You freeze the lorocyproca.
You kick the lorocyproca, but do no damage.
The lorocyproca is severely wounded.
The lorocyproca hits you but does no damage.
Unknown command.
You barely miss the lorocyproca.
You kick the lorocyproca, but do no damage.
The lorocyproca is severely wounded.
Unknown command.
You slash the lorocyproca! You burn the lorocyproca.
You kill the lorocyproca!
Okawaru accepts your kill.
Unknown command.
There is an open door here.
The monstrous black sun calls down the wrath of Kikubaaqudgha upon you.
You convulse!
You die...

#...#.#.......
#...#.#....#..
#...'.#....# #.#.#.#....#
#.#.#.#....# #
#.#.#6######...
##.#.#.'.6......#.#
'.#.#.#.#.###....#.#
.'.#.#.#.L......#.######
#.#.#.#.....#+##.#....#
#...#.#.....+ #.#..#.#
#...#.#.#...##+#.#....###
#.#)'.#.#......#.#.......
#...#.#......#.#.+.#...#.
#...###........#.........
#........###...........##
#.#..###.#.#.##..⌠.....#


You could see 2 demonspawn.

Vanquished Creatures
  the Royal Jelly (Slime:5)
  A seraph (Pan)
  4 pandemonium lords (Pan)
  Khufu (Tomb:2)
  Mennas (Depths:3)
  4 ancient liches
  Mara (Crypt:2)
  34 greater mummies
  Sojobo (Tomb:2)
  Boris (Depths:2)
  The ghost of galech the Minotaur Barricade, a veteran MiFi of Okawaru (Desolation)
  4 caustic shrikes (Depths:4)
  Vashnia (Snake:4)
  3 golden dragons
  A profane servitor (Abyss:3)
  Geryon (Hell)
  2 pearl dragons (Pan)
  3 bone dragons
  4 Brimstone Fiends (Pan)
  A hellephant (Abyss:3)
  6 Tzitzimimeh (Pan)
  The ghost of Meriados the Unseen, an adept HaWr of Dithmenos (Elf:3)
  Jorgrun (Depths:3)
  2 tentacled monstrosities
  8 liches
  An Ice Fiend (Pan)
  2 titans (Vaults:5)
  2 quicksilver dragons (Vaults:5)
  Asterion (Snake:3)
  3 deep elf blademasters (Elf:3)
  14 acid blobs
  3 deep elf master archers (Elf:3)
  5 ancient champions
  7 Executioners
  Frances (Shoals:2)
  14 tentacled starspawn
  12 sphinxes
  A storm dragon (Depths:4)
  Polyphemus (Shoals:2)
  10 tengu reavers
  Kirke (Shoals:2)
  10 shadow dragons
  Donald (Elf:1)
  21 daevas
  Ilsuiw (Shoals:4)
  Roxanne (Shoals:2)
  7 nagarajas
  A frost giant (shapeshifter) (Depths:4)
  8 deep elf sorcerers
  A draconian knight (Depths:5)
  7 fire giants
  7 azure jellies
  4 revenants
  2 orc warlords
  Aizul (Vaults:1)
  11 frost giants
  3 cacodemons (Pan)
  An iron dragon (Depths:4)
  A draconian scorcher (Depths:5)
  10 balrugs
  30 angels (Pan)
  A draconian stormcaller (Abyss:3)
  21 vault wardens
  An imperial myrmidon (Desolation)
  2 warmongers (Pan)
  6 deep elf elementalists
  2 draconian shifters (Abyss:3)
  5 spriggan defenders (Depths:4)
  A curse skull (Crypt:3)
  31 very ugly things
  16 reapers
  7 blood saints (Pan)
  11 ironheart preservers
  19 ophanim (Pan)
  7 bennus
  A draconian annihilator (Depths:5)
  19 stone giants
  A corrupter (Pan)
  3 war gargoyles (Crypt:3)
  6 vampire knights
  30 apis (Pan)
  An entropy weaver (Vaults:4)
  Nessos (Lair:5)
  6 deep elf demonologists
  10 lorocyprocas
  7 black suns (Pan)
  2 black draconians (Depths:5)
  A green draconian (Depths:5)
  9 deep elf annihilators
  Azrael (D:15)
  7 dire elephants (Abyss:3)
  A red draconian (Depths:5)
  9 eidola
  3 yellow draconians
  A halazid warlock (Desolation)
  4 spark wasps (Depths:4)
  5 green deaths
  10 blizzard demons
  8 death oozes
  5 deep elf death magi
  2 crystal guardians (Desolation)
  10 jiangshi
  4 merfolk javelineers
  6 merfolk impalers
  21 ettins
  A minotaur (Lab)
  16 mummy priests
  A deep elf high priest (Elf:3)
  Josephine (D:11)
  Harold (D:10)
  7 hell beasts (Pan)
  5 ragged hierophants (Desolation)
  Erolcha (D:9)
  9 fire dragons
  18 yaktaur captains
  31 naga warriors
  10 hydras
  9 servants of whispers (Desolation)
  16 great orbs of eyes
  10 ice dragons
  10 rakshasas
  4 monstrous demonspawn
  29 vault guards
  3 kraken zombies (Hell)
  6 peacekeepers (Desolation)
  6 merfolk avatars
  14 ogre magi
  3 satyrs
  4 spriggan air magi
  4 catoblepae
  7 death knights
  A hydra (shapeshifter) (Vaults:1)
  Erica (D:8)
  20 anacondas
  27 dancing weapons
  21 centaur warriors
  6 merfolk aquamancers
  11 deep troll earth magi
  An alligator (shapeshifter) (Vaults:5)
  A two-headed ogre (shapeshifter) (Vaults:2)
  15 death yaks
  The ghost of anything the Peltast, a journeyman OpHu of Nemelex Xobeh (Lair:2)
  8 hell hogs
  12 deep troll shamans
  19 death scarabs
  5 tengu warriors
  37 two-headed ogres
  11 vampire magi
  14 shock serpents
  19 naga sharpshooters
  A titan zombie (Hell)
  13 orc high priests
  3 spriggan berserkers
  11 thrashing horrors
  Sonja (D:13)
  Urug (D:13)
  23 deep elf knights
  32 sun demons
  30 soul eaters
  10 wretched stars
  6 spatial maelstroms
  14 hell knights
  2 storm dragon skeletons
  6 shadow wraiths
  A titan skeleton (Depths:2)
  6 salamander mystics
  43 skeletal warriors
  12 sixfirhies
  12 sea snakes
  5 infernal demonspawn
  A death drake (shapeshifter) (Depths:4)
  6 iron trolls
  10 unseen horrors
  9 torturous demonspawn
  14 cherubim (Pan)
  2 swamp dragons (shapeshifter)
  A kraken simulacrum (Shoals:4)
  18 deep elf archers
  19 flayed ghosts
  An anaconda zombie (Hell)
  5 glowing orange brains
  2 shadow demons
  A sphinx zombie (Depths:2)
  5 wizards
  12 naga ritualists
  24 phantasmal warriors
  36 deep trolls
  8 harpies
  21 ironbrand convokers
  6 gelid demonspawn
  15 orc knights
  2 harpies (shapeshifter)
  7 necromancers
  4 wolf spiders
  An iron dragon zombie (Tomb:1)
  A wolf spider zombie (Tomb:1)
  2 shadow dragon zombies
  16 mana vipers
  An iron giant skeleton (Crypt:1)
  80 deep elf magi
  2 oklob plants (Lair:2)
  9 orc sorcerers
  8 fauns
  29 salamanders
  3 shining eyes
  56 ugly things
  A stone giant zombie (Abyss:3)
  14 cyclopes
  2 fire giant zombies (Depths:2)
  A shadow dragon skeleton (Abyss:3)
  A moth of wrath (shapeshifter) (Elf:2)
  25 elephants
  An iron dragon skeleton (Depths:2)
  15 manticores
  5 apocalypse crabs
  7 rust devils
  4 worldbinders
  A fire giant skeleton (Crypt:3)
  21 guardian serpents
  35 black mambas
  3 frost giant skeletons
  9 merfolk sirens
  A stone giant skeleton (Crypt:3)
  7 vault sentinels
  A guardian serpent (shapeshifter) (Abyss:3)
  30 smoke demons
  14 spiny frogs
  27 naga magi
  4 eyes of devastation
  7 water nymphs
  Psyche (D:8)
  A molten gargoyle (Desolation)
  9 orange demons
  An ice statue (Hell)
  7 gargoyles
  2 hellions
  13 freezing wraiths
  5 rime drakes
  13 komodo dragons
  4 efreet
  2 kobold demonologists
  80 yaktaurs
  5 tormentors
  4 demonic crawlers
  51 guardian mummies
  4 spriggan skeletons
  22 red devils
  8 tengu conjurers
  13 ice devils
  21 hellwings
  15 ancient zymes
  A catoblepas skeleton (Crypt:2)
  A meliai (D:15)
  30 merfolk
  12 trolls
  2 hydra zombies (Hell)
  A harpy skeleton (D:15)
  49 saltlings
  20 hornets
  6 wind drakes
  A hornet (shapeshifter) (Vaults:2)
  A wolf spider simulacrum (D:14)
  A sphinx simulacrum (Vaults:2)
  23 raiju
  2 spriggan zombies
  A blink frog (shapeshifter) (D:14)
  A hippogriff (shapeshifter) (Vaults:4)
  An iron dragon simulacrum (Abyss:3)
  An elf zombie (Depths:2)
  2 ice dragon zombies
  17 dream sheep
  22 blink frogs
  2 hydra skeletons (Hell)
  An ettin zombie (Depths:2)
  3 alligator zombies (Hell)
  39 slime creatures
  7 hippogriffs
  7 snapping turtles
  3 ice dragon skeletons
  A frost giant simulacrum (Abyss:3)
  A stone giant simulacrum (Hell)
  Sigmund (D:4)
  2 ettin skeletons
  A satyr skeleton (Crypt:1)
  27 flying skulls
  22 wraiths
  A vampire (D:15)
  2 air elementals (Elf:1)
  A redback (shapeshifter) (D:15)
  24 ushabtiu
  A tarantella (shapeshifter) (D:15)
  43 yaks
  23 water elementals
  7 shadows
  9 spriggans
  4 wyverns
  22 ynoxinuls
  A hog (shapeshifter) (Vaults:2)
  10 redbacks
  14 fire elementals
  7 basilisks
  6 fire bats (Abyss:3)
  5 hogs (Shoals:2)
  Grum (D:11)
  2 hungry ghosts
  A basilisk (shapeshifter) (Vaults:2)
  3 steam dragons (Shoals:1)
  2 golden eyes (Slime:5)
  18 vampire mosquitoes
  7 neqoxecs
  25 small abominations
  27 chaos spawn
  6 spatial vortices
  6 wargs
  64 nagas
  41 large abominations
  4 acid dragons
  A human zombie (Depths:2)
  17 water moccasins
  A torturous demonspawn skeleton (Crypt:1)
  13 hell hounds
  2 soldier ants
  A water nymph skeleton (Crypt:2)
  A meliai simulacrum (D:15)
  A spiny frog skeleton (Hell)
  3 floating eyes
  17 porcupines
  3 black bears
  9 sky beasts
  A snapping turtle zombie (Abyss:3)
  A lindwurm zombie (Crypt:1)
  14 ice beasts
  46 orc warriors
  4 phantoms
  A hornet zombie (D:8)
  2 necrophages
  A manticore zombie (Crypt:2)
  4 eyes of draining
  10 wolves
  17 boggarts
  38 centaurs
  41 ogres
  10 crocodiles
  A manticore skeleton (Crypt:3)
  An elf simulacrum (Vaults:1)
  2 big kobolds
  A wyvern zombie (D:14)
  27 bullfrogs
  2 earth elementals
  An elf skeleton (Crypt:1)
  2 wyvern skeletons
  4 scorpions
  2 troll skeletons (Lab)
  20 wights
  An electric eel (D:12)
  10 crimson imps
  6 quasits
  A bullfrog zombie (D:11)
  3 hounds
  28 starcursed masses (Abyss:3)
  6 centaur zombies
  16 orc wizards
  4 jellies
  3 iron imps (Abyss:3)
  25 orc priests
  Crazy Yiuf (D:3)
  4 bullfrog skeletons
  12 centaur skeletons
  Jessica (D:3)
  3 iguanas
  16 worker ants
  6 hell rats (Lair:1)
  A killer bee zombie (D:6)
  A tengu skeleton (Crypt:1)
  A hound zombie (D:11)
  An ogre skeleton (Lab)
  60 mummies
  13 river rats (Lair:1)
  24 adders
  A howler monkey skeleton (D:10)
  4 shadow imps
  14 white imps
  7 ufetubi
  An adder skeleton (D:4)
  4 worms
  2 dart slugs
  3 leopard geckos
  119 orcs
  4 giant cockroaches
  6 goblins
  7 hobgoblins
  7 jackals
  9 quokkas
  6 ball pythons
  7 bats
  4 frilled lizards
  4 gnoll zombies
  2 jackal zombies
  19 kobolds
  A quokka skeleton (Crypt:2)
  14 rats
  A rat zombie (Crypt:2)
  A lurking horror (Abyss:1)
  5 plants
  15 starspawn tentacles
  6 tentacles
  A withered plant (Crypt:3)
3802 creatures vanquished.

Vanquished Creatures (others)
  A reaper (IceCv)
  A bennu (Tomb:2)
  A blizzard demon (Pan)
  A great orb of eyes (Slime:5)
  A vault guard (Vaults:5)
  4 death scarabs (Tomb:3)
  A hell hog (Depths:5)
  A shadow dragon zombie (Hell)
  An ugly thing (D:15)
  A salamander (Snake:3)
  A freezing wraith (Vaults:5)
  2 yaktaurs (Vaults:5)
  A blink frog (Abyss:3)
  A fire dragon zombie (Tomb:2)
  7 flying skulls
  An ushabti (Tomb:2)
  3 spatial vortices
  An orc warrior (Elf:3)
  A small abomination (Abyss:3)
  An orc priest (Vaults:2)
  3 mummies
  4 white imps (IceCv)
  3 ufetubi (IceCv)
  A ball lightning (Vaults:5)
  An orc (D:12)
  12 fungi
  8 plants
  27 starspawn tentacles
  22 tentacles
  2 withered plants (Crypt:3)
115 creatures vanquished.

Grand Total: 3917 creatures vanquished

Notes
Turn   | Place    | Note
-------+----------+-------------------------------------------
     0 | D:1      | Alarkh the Demonspawn Fighter began the quest for the Orb.
     0 | D:1      | Reached XP level 1. HP: 18/18 MP: 1/1
   327 | D:1      | Gained mutation: You regenerate a little health from kills. [demonic ancestry]
   327 | D:1      | Reached XP level 2. HP: 24/24 MP: 2/2
   883 | D:1      | Gained mutation: You have large cloven feet. [demonic ancestry]
   883 | D:1      | Reached XP level 3. HP: 23/29 MP: 3/3
  1458 | D:2      | Reached skill level 1 in Dodging
  1458 | D:2      | Gained mutation: You have hoof-like feet. [demonic ancestry]
  1458 | D:2      | Reached XP level 4. HP: 28/35 MP: 4/4
  1641 | D:2      | Found a white marble altar of Elyvilon.
  1839 | D:3      | Found a runed door.
  1927 | D:3      | Noticed Jessica
  1946 | D:3      | Killed Jessica
  2036 | D:3      | Found a faded altar of an unknown god.
  2273 | D:3      | Gained mutation: You sometimes gain a little power by taking damage. [demonic ancestry]
  2273 | D:3      | Reached XP level 5. HP: 29/41 MP: 5/5
  2892 | D:4      | Found a staircase to the Ecumenical Temple.
  2904 | Temple   | Entered the Ecumenical Temple
  3069 | Temple   | Became a worshipper of Warmaster Okawaru
  3107 | D:4      | Noticed a phantom
  3167 | D:4      | Killed a phantom
  3167 | D:4      | Reached XP level 6. HP: 15/47 MP: 6/6
  3683 | D:4      | Reached * piety under Okawaru
  4245 | D:4      | Reached XP level 7. HP: 54/54 MP: 4/7
  4308 | D:4      | Noticed Sigmund
  4333 | D:4      | Killed Sigmund
  4598 | D:4      | Found a basalt altar of Yredelemnul.
  4993 | D:3      | Noticed Crazy Yiuf
  4998 | D:3      | Killed Crazy Yiuf
  5131 | D:5      | Entered Level 5 of the Dungeon
  5268 | D:5      | Reached skill level 5 in Long Blades
  5788 | D:5      | Reached ** piety under Okawaru
  5788 | D:5      | Reached XP level 8. HP: 61/61 MP: 8/8
  6744 | D:6      | Reached skill level 5 in Fighting
  6913 | D:6      | Reached skill level 5 in Shields
  6961 | D:6      | Reached skill level 5 in Armour
  7374 | D:7      | Got an encrusted ring mail
  7407 | D:7      | Gained mutation: You are somewhat resistant to further mutation. [mutagenic meat]
  7412 | D:7      | Gained mutation: Scrolls take you a little longer to read. [mutagenic meat]
  7413 | D:7      | Lost mutation: You are somewhat resistant to further mutation. [potion of mutation]
  7413 | D:7      | Lost mutation: Scrolls take you a little longer to read. [potion of mutation]
  7413 | D:7      | Gained mutation: You are robust. (+10% HP) [potion of mutation]
  7413 | D:7      | Gained mutation: You possess an exceptional clarity of mind. [potion of mutation]
  7424 | D:7      | Identified the +4 ring mail of Grace {rF+ rN+ Int+3} (You found it on level 7 of the Dungeon)
  7637 | D:7      | Gained mutation: You sometimes gain power by taking damage. [demonic ancestry]
  7637 | D:7      | Reached XP level 9. HP: 74/74 MP: 9/9
  8004 | D:7      | Reached *** piety under Okawaru
  8479 | D:8      | Found a staircase to the Lair.
  8636 | D:8      | Noticed Erica
  8652 | D:8      | Reached skill level 5 in Dodging
  8672 | D:8      | Killed Erica
  8683 | D:8      | Reached **** piety under Okawaru
  8690 | D:8      | Gained mutation: You resist negative energy. (rN+) [demonic ancestry]
  8690 | D:8      | Reached XP level 10. HP: 35/83 MP: 10/10
  9105 | D:8      | Noticed Psyche
  9112 | D:8      | Killed Psyche
  9606 | Lair:1   | Entered Level 1 of the Lair of Beasts
  9947 | Lair:1   | Reached ***** piety under Okawaru
 10045 | Lair:1   | Noticed a five-headed hydra
 10075 | Lair:1   | Killed a one-headed hydra
 10075 | Lair:1   | Received a gift from Okawaru
 10076 | Lair:1   | Got a fine buckler {god gift}
 10087 | Lair:1   | Identified the +3 buckler of Watchfulness {rC- MR+++ rCorr Int-4} (Okawaru gifted it to you on level 1 of the Lair of Beasts)
 10249 | Lair:1   | Noticed a spiny frog
 10257 | Lair:1   | Killed a spiny frog
 10539 | Lair:1   | Found a stormy altar of Qazlal.
 10751 | Lair:1   | Reached skill level 1 in Invocations
 10930 | Lair:2   | Noticed anything's ghost (journeyman OpHu)
 11027 | Lair:2   | Noticed a spiny frog
 11032 | Lair:2   | Killed a spiny frog
 11032 | Lair:2   | Gained mutation: You are partially covered in rugged brown scales. (AC +1, +3% HP) [demonic ancestry]
 11032 | Lair:2   | Reached XP level 11. HP: 86/94 MP: 10/12
 11038 | Lair:2   | Found a frozen archway.
 11176 | IceCv    | Entered an ice cave
 11692 | IceCv    | Killed a reaper
 13026 | Lair:2   | Noticed an oklob plant
 13026 | Lair:2   | Noticed an oklob plant
 13183 | Lair:2   | Killed an oklob plant
 13412 | Lair:2   | Killed an oklob plant
 13412 | Lair:2   | Received a gift from Okawaru
 13412 | Lair:2   | Reached skill level 10 in Long Blades
 13420 | Lair:2   | Got a steaming copper ring
 13424 | Lair:2   | Identified the ring of the Cockroach {rC+ Int+3 Slay-3 Stlth-} (You found it on level 2 of the Lair of Beasts)
 13538 | Lair:2   | Received a gift from Okawaru
 14068 | Lair:2   | Killed anything's ghost
 14068 | Lair:2   | Reached skill level 5 in Invocations
 14287 | Lair:2   | Gained mutation: You are mostly covered in rugged brown scales. (AC +2, +5% HP) [demonic ancestry]
 14287 | Lair:2   | Reached XP level 12. HP: 98/108 MP: 15/15
 15219 | Lair:3   | Reached skill level 1 in Evocations
 15252 | Lair:3   | Noticed an eight-headed hydra
 15282 | Lair:3   | Killed a three-headed hydra
 15706 | Lair:3   | Received a gift from Okawaru
 15972 | Lair:3   | Received a gift from Okawaru
 16240 | Lair:3   | Found a staircase to the Snake Pit.
 16514 | Lair:4   | Reached ****** piety under Okawaru
 16589 | Lair:4   | Found a staircase to the Shoals.
 17007 | Lair:4   | Noticed a four-headed hydra
 17013 | Lair:4   | Killed a one-headed hydra
 17013 | Lair:4   | Gained mutation: You have hooves in place of feet. [demonic ancestry]
 17013 | Lair:4   | Reached XP level 13. HP: 108/116 MP: 18/18
 17441 | Lair:5   | Received a gift from Okawaru
 17823 | Lair:5   | Received a gift from Okawaru
 18236 | Lair:5   | Noticed Nessos
 18679 | Lair:5   | Killed Nessos
 18679 | Lair:5   | Reached skill level 10 in Fighting
 18745 | Lair:5   | Reached skill level 5 in Evocations
 18747 | Lair:5   | Received a gift from Okawaru
 19158 | Lair:6   | Entered Level 6 of the Lair of Beasts
 19573 | Lair:6   | Reached XP level 14. HP: 77/126 MP: 20/20
 20725 | Lair:6   | Identified the Incunabulum of Shifting Curses
 20728 | Lair:6   | Got a fine crystal plate armour
 20745 | Lair:6   | Identified the +0 crystal plate armour of Kol Qump {Int+4} (You found it on level 6 of the Lair of Beasts)
 20881 | Lair:6   | Found a viscous altar of Jiyva.
 20882 | Lair:6   | Found a staircase to the Slime Pits.
 21452 | D:9      | Noticed Erolcha
 21457 | D:9      | Killed Erolcha
 21457 | D:9      | Received a gift from Okawaru
 21518 | D:10     | Entered Level 10 of the Dungeon
 21540 | D:10     | Found a staircase to the Orcish Mines.
 21742 | D:10     | Found Woluhila's General Store.
 21757 | D:10     | Bought a scroll of acquirement for 780 gold pieces
 21864 | D:10     | Found Qezxecut's Jewellery Boutique.
 21954 | D:10     | Noticed Harold
 21967 | D:10     | Killed Harold
 22306 | D:11     | Noticed Josephine
 22319 | D:11     | Killed Josephine
 22329 | D:11     | Reached skill level 10 in Shields
 22532 | D:11     | Noticed Grum
 22546 | D:11     | Killed Grum
 24400 | D:13     | Noticed Sonja
 24407 | D:13     | Killed Sonja
 24974 | D:13     | Noticed Urug
 25006 | D:13     | Killed Urug
 25006 | D:13     | Reached XP level 15. HP: 70/135 MP: 21/21
 25471 | D:14     | Reached skill level 10 in Armour
 25562 | D:14     | Received a gift from Okawaru
 25628 | D:14     | Found a labyrinth entrance.
 25674 | Lab      | Entered a labyrinth
 26010 | Lab      | Got a translucent crystal amulet
 26047 | Lab      | Learned a level 8 spell: Necromutation
 26883 | D:14     | Found a gate to the Vaults.
 26983 | D:14     | Reached skill level 1 in Necromancy
 27228 | D:14     | Found an opulent altar of Gozag.
 27427 | D:14     | Reached skill level 1 in Spellcasting
 27618 | D:15     | Entered Level 15 of the Dungeon
 27756 | D:15     | Reached skill level 1 in Transmutations
 27886 | D:15     | Reached skill level 2 in Necromancy
 27978 | D:15     | Found a deep blue altar of Sif Muna.
 27979 | D:15     | Found a white marble altar of Elyvilon.
 27979 | D:15     | Found a hide-covered altar of Uskayaw.
 28160 | D:15     | Noticed Azrael
 28181 | D:15     | Killed Azrael
 28201 | D:15     | Received a gift from Okawaru
 28233 | D:15     | Identified the amulet "Akher" {Harm *Drain Str+5 Int+2} (You took it off a minotaur in a labyrinth)
 28412 | D:15     | Reached skill level 10 in Dodging
 28531 | D:15     | Reached skill level 3 in Necromancy
 28764 | D:15     | Noticed a shadow dragon
 28791 | D:15     | Killed a shadow dragon
 28798 | D:15     | Reached XP level 16. HP: 146/146 MP: 22/22
 28894 | D:15     | Got a pearl-encrusted ring mail
 28895 | D:15     | Identified the +0 ring mail of Zig Saic {rElec Str+2 Dex+3} (You found it on level 15 of the Dungeon)
 29110 | D:15     | Received a gift from Okawaru
 29120 | D:15     | Got a dazzling great sword {god gift}
 29126 | D:15     | Identified the +3 great sword "Dragon's Tongue" {slice, rPois rC+} (Okawaru gifted it to you on level 15 of the Dungeon)
 29213 | D:15     | Reached skill level 4 in Necromancy
 29572 | D:15     | Found a staircase to the Depths.
 30009 | Lair:2   | Learned a level 3 spell: Regeneration
 30013 | Lair:2   | Learned a level 3 spell: Vampiric Draining
 30020 | Lair:2   | Learned a level 6 spell: Deflect Missiles
 30127 | Orc:1    | Entered Level 1 of the Orcish Mines
 30136 | Orc:1    | Found Batzukhl Sida's Armour Emporium.
 30235 | Orc:1    | Found Henaurch's Gadget Shop.
 30304 | Orc:1    | Found a roughly hewn altar of Beogh.
 30527 | Orc:2    | Entered Level 2 of the Orcish Mines
 30636 | Orc:2    | Found a staircase to the Elven Halls.
 30760 | Orc:2    | Found Gysch's Distillery.
 30763 | Orc:2    | Found Amadiokk's Magic Scroll Shop.
 30782 | Orc:1    | Found a roughly hewn altar of Beogh.
 31072 | Orc:1    | Found Dazyvul's Armour Emporium.
 31393 | Orc:2    | Received a gift from Okawaru
 31457 | Orc:2    | Bought a potion of haste for 150 gold pieces
 31457 | Orc:2    | Bought a potion of curing for 45 gold pieces
 31457 | Orc:2    | Bought a potion of heal wounds for 75 gold pieces
 31457 | Orc:2    | Bought a potion of agility for 60 gold pieces
 31609 | Orc:2    | Found Uxulauss's Book Emporium.
 31609 | Orc:2    | Found Osew Seemp's Antique Armour Shoppe.
 31609 | Orc:2    | Found a one-way gate leading to the halls of Pandemonium.
 31798 | Orc:2    | Bought a runed shield for 240 gold pieces
 31798 | Orc:2    | Bought a spiked leather armour for 224 gold pieces
 31818 | Orc:2    | Identified the +1 leather armour of the Bulwark {*Drain Str+2 Int+9 Dex+4} (You bought it in a shop on level 2 of the Orcish Mines)
 32202 | Orc:2    | Bought a scroll of enchant weapon for 90 gold pieces
 32202 | Orc:2    | Bought a scroll of fear for 42 gold pieces
 32202 | Orc:2    | Bought a scroll of fear for 42 gold pieces
 32202 | Orc:2    | Bought a scroll of recharging for 114 gold pieces
 32202 | Orc:2    | Bought a scroll of blinking for 90 gold pieces
 32202 | Orc:2    | Bought a scroll of brand weapon for 240 gold pieces
 32202 | Orc:2    | Bought a scroll of teleportation for 36 gold pieces
 32202 | Orc:2    | Bought a scroll of enchant armour for 90 gold pieces
 32464 | Snake:1  | Entered Level 1 of the Snake Pit
 32543 | Snake:1  | Reached skill level 5 in Necromancy
 32544 | Snake:1  | Found Kerhiz's Book Shoppe.
 32671 | Snake:1  | Found Wyte's Distillery.
 32681 | Snake:1  | Bought a potion of resistance for 170 gold pieces
 32743 | Snake:1  | Received a gift from Okawaru
 34351 | Snake:2  | Reached XP level 17. HP: 151/152 MP: 23/23
 35602 | Snake:3  | Noticed Asterion
 35885 | Snake:3  | Killed Asterion
 35885 | Snake:3  | Reached skill level 6 in Necromancy
 36379 | Snake:3  | Reached skill level 5 in Transmutations
 36388 | Snake:3  | Received a gift from Okawaru
 36388 | Snake:3  | Reached skill level 15 in Long Blades
 36477 | Snake:3  | Reached skill level 5 in Spellcasting
 37266 | Snake:3  | Found Siraefoh's Antique Weapon Emporium.
 37664 | Snake:3  | Found a runed gate.
 37664 | Snake:3  | Found a runed gate.
 37664 | Snake:3  | Found a runed gate.
 38772 | Snake:3  | Reached skill level 7 in Necromancy
 39368 | Snake:3  | Reached XP level 18. HP: 138/163 MP: 20/26
 39467 | Snake:4  | Entered Level 4 of the Snake Pit
 39475 | Snake:4  | Found Qyirizoq's Magic Scroll Boutique.
 39484 | Snake:4  | Bought a scroll of enchant weapon for 97 gold pieces
 39484 | Snake:4  | Bought a scroll of enchant weapon for 97 gold pieces
 39637 | Snake:4  | Found Riec's Antique Armour Emporium.
 39851 | Snake:4  | Received a gift from Okawaru
 39994 | Snake:4  | Found Buazxy's Magic Scroll Boutique.
 40004 | Snake:4  | Got a warped robe
 40015 | Snake:4  | Identified the +3 robe of Existentialism {+Inv} (You found it on level 4 of the Snake Pit)
 40788 | Snake:4  | Received a gift from Okawaru
 41126 | Snake:4  | Noticed Vashnia
 41158 | Snake:4  | Killed Vashnia
 41291 | Snake:4  | Reached skill level 8 in Necromancy
 41473 | Snake:4  | Found Aratinn's Armour Emporium.
 41610 | Snake:4  | Received a gift from Okawaru
 41611 | Snake:4  | Got a faintly humming chain mail {god gift}
 42202 | Snake:4  | Got a serpentine rune of Zot
 42356 | Snake:4  | Identified the +0 chain mail "Gemuich" {rF+ Str-3 Dex+5} (Okawaru gifted it to you on level 4 of the Snake Pit)
 42917 | Vaults:1 | Entered Level 1 of the Vaults
 43050 | Vaults:1 | Found a ruined gateway.
 43069 | Desolati | Entered the Desolation of Salt
 43077 | Desolati | Noticed galech's ghost (veteran MiFi)
 43107 | Desolati | Killed galech's ghost
 43221 | Desolati | Gained mutation: You are powered by pain. [demonic ancestry]
 43221 | Desolati | Reached XP level 19. HP: 171/171 MP: 22/29
 43280 | Desolati | Got a bound lead amulet
 43290 | Desolati | Identified the Catalogue of Icy Necromancy
 43296 | Desolati | Got a scorched broad axe
 43813 | Desolati | Received a gift from Okawaru
 43845 | Desolati | Got a brightly glowing brass ring
 43848 | Desolati | Got a scorched jade ring
 43858 | Desolati | Identified the Almanac of Ensnaring Snow
 43913 | Desolati | Identified the ring of the Ego {AC+4 Str+4} (You found it in the Desolation of Salt)
 43915 | Desolati | Identified the ring "Virrips" {+Inv rN+} (You found it in the Desolation of Salt)
 44025 | Desolati | Identified the Papyrus of Virous Malediction
 44028 | Desolati | Got a slimy robe
 44037 | Desolati | Identified the Tome of Summoning and Dislocation
 44050 | Desolati | Got a scorched zirconium amulet
 44058 | Desolati | Got a glittering diamond amulet
 44405 | Desolati | Identified the cursed +1 robe "Deugue" {*Drain +Fly Dex+2 SInv} (You found it in the Desolation of Salt)
 44423 | Desolati | Learned a level 5 spell: Dispel Undead
 44517 | Vaults:1 | Reached skill level 9 in Necromancy
 44712 | Lair:2   | Identified the +7 broad axe of Midnight {pain, +Inv rElec Dex-4 SInv} (You found it in the Desolation of Salt)
 45128 | Snake:4  | Bought a scroll of identify for 26 gold pieces
 45128 | Snake:4  | Bought a scroll of identify for 26 gold pieces
 45128 | Snake:4  | Bought a scroll of identify for 26 gold pieces
 45128 | Snake:4  | Bought a scroll of identify for 26 gold pieces
 45128 | Snake:4  | Identified the amulet of the Wary Dreams {Reflect rPois rF+ rC+ Int-4 SH+2} (You found it in the Desolation of Salt)
 45129 | Snake:4  | Identified the amulet "Itaimiaps" {Harm *Drain rC+ Str+3 Stlth+} (You found it in the Desolation of Salt)
 45130 | Snake:4  | Identified the amulet "Xazudogg" {Reflect rElec MR- Str+4 SH+3} (You found it in the Desolation of Salt)
 45530 | Depths:1 | Entered Level 1 of the Depths
 45530 | Depths:1 | Found a one-way gate to the infinite horrors of the Abyss.
 46107 | Depths:1 | Found a gateway to Hell.
 46158 | Depths:1 | Received a gift from Okawaru
 46778 | Depths:1 | Gained mutation: You are somewhat able to resist unholy torments (1 in 2 success). [demonic ancestry]
 46778 | Depths:1 | Reached XP level 20. HP: 181/181 MP: 32/32
 47384 | Vaults:1 | Reached skill level 10 in Necromancy
 47398 | Vaults:1 | Received a gift from Okawaru
 47596 | Vaults:1 | Paralysed by a hornet for 2 turns
 47743 | Vaults:1 | Found Siujiw's General Store.
 48149 | Vaults:1 | Noticed Aizul
 48159 | Vaults:1 | Killed Aizul
 48416 | Vaults:2 | Noticed a bone dragon
 48418 | Vaults:2 | Found a staircase to the Crypt.
 48432 | Vaults:2 | Killed a bone dragon
 48892 | Vaults:2 | Received a gift from Okawaru
 48920 | Vaults:2 | Got a smoking scarf {god gift}
 48931 | Vaults:2 | Identified the scarf of Jiozxext {Str+5} (Okawaru gifted it to you on level 2 of the Vaults)
 49705 | Vaults:2 | Found Makhloud's Distillery.
 49769 | Vaults:2 | Reached skill level 11 in Necromancy
 49999 | Vaults:2 | Identified the Collected Works on Supportive Transmigration
 50026 | Vaults:2 | Learned a level 2 spell: Passwall
 50083 | Vaults:2 | Gained mutation: Your magical capacity is low. (-10% MP) [a shining eye]
 50314 | Vaults:3 | Gained mutation: You regenerate health from kills. [demonic ancestry]
 50314 | Vaults:3 | Reached XP level 21. HP: 190/190 MP: 31/31
 50451 | Vaults:3 | Received a gift from Okawaru
 50459 | Vaults:3 | Got a spiked plate armour {god gift}
 50470 | Vaults:3 | Identified the +1 plate armour of the Four Moons {Int+5} (Okawaru gifted it to you on level 3 of the Vaults)
 51753 | Vaults:4 | Reached skill level 10 in Transmutations
 51769 | Vaults:4 | Reached skill level 10 in Spellcasting
 52271 | Vaults:4 | Received a gift from Okawaru
 52508 | Vaults:4 | Reached skill level 12 in Necromancy
 52513 | Vaults:4 | Reached skill level 15 in Fighting
 53510 | Shoals:1 | Entered Level 1 of the Shoals
 53873 | Shoals:1 | Found Butadeasm's Food Boutique.
 54101 | Shoals:2 | Noticed Kirke
 54127 | Shoals:2 | Killed Kirke
 54127 | Shoals:2 | Gained mutation: You are completely covered in rugged brown scales. (AC +3, +7% HP) [demonic ancestry]
 54127 | Shoals:2 | Reached XP level 22. HP: 193/204 MP: 32/32
 54227 | Shoals:2 | Noticed Polyphemus
 54244 | Shoals:2 | Killed Polyphemus
 54295 | Shoals:2 | Received a gift from Okawaru
 54331 | Shoals:2 | Noticed Frances
 54333 | Shoals:2 | Noticed Roxanne
 54344 | Shoals:2 | Killed Frances
 54678 | Shoals:2 | Received a gift from Okawaru
 54679 | Shoals:2 | Got a twisted falchion {god gift}
 54680 | Shoals:2 | Identified the +2 falchion of the Sugar Beet {slice, MR+ Stlth+} (Okawaru gifted it to you on level 2 of the Shoals)
 54949 | Shoals:2 | Killed Roxanne
 55539 | Shoals:3 | Identified the Almanac of Poisonous Air
 55853 | Shoals:4 | Entered Level 4 of the Shoals
 55858 | Shoals:4 | Noticed Ilsuiw
 55877 | Shoals:4 | Killed Ilsuiw
 56373 | Shoals:4 | Got a fine falchion
 56374 | Shoals:4 | Identified the cursed +3 falchion of Conservatism {vamp, *Slow rF+ MR+} (You found it on level 4 of the Shoals)
 56433 | Shoals:4 | Got a barnacled rune of Zot
 56645 | Shoals:4 | Received a gift from Okawaru
 57138 | Shoals:4 | Got an ancient ring mail
 57139 | Shoals:4 | Identified the cursed +0 ring mail of the Trombone {rCorr Str+5 Slay-4} (You found it on level 4 of the Shoals)
 57421 | Lair:2   | Learned a level 9 spell: Tornado
 57539 | Elf:1    | Entered Level 1 of the Elven Halls
 57623 | Elf:1    | Identified Etithedgh's Reference Book on Slavery
 58031 | Elf:1    | Found Idghegup's Jewellery Emporium.
 58162 | Elf:1    | Noticed Donald
 58175 | Elf:1    | Killed Donald
 58477 | Elf:2    | Found Paschuar's Armour Emporium.
 58484 | Elf:2    | Reached skill level 13 in Necromancy
 58589 | Elf:2    | Found Feero's Magic Scroll Boutique.
 58727 | Elf:2    | Found Lefity's Book Shop.
 58781 | Elf:2    | Found a portal to a secret trove of treasure.
 58918 | Elf:2    | Found a runed door.
 58940 | Elf:2    | Found a runed door.
 58985 | Elf:2    | Received a gift from Okawaru
 59025 | Elf:2    | Reached XP level 23. HP: 214/214 MP: 34/34
 59416 | Elf:3    | Entered Level 3 of the Elven Halls
 59459 | Elf:3    | Reached skill level 15 in Shields
 59860 | Elf:3    | Received a gift from Okawaru
 59993 | Elf:3    | Identified the Papyrus of Lethal Malediction
 60105 | Elf:3    | Got a faintly glowing scale mail
 60118 | Elf:3    | Got a slimy leather armour
 60181 | Elf:3    | Identified the Volume of the Snowflakes and Good Luck
 60194 | Elf:3    | Identified Koug's Disquisition on Battle Magic and Ice
 60253 | Elf:3    | Identified the cursed +0 scale mail of Dim Light {rElec Regen+ Int-5 Dex+2} (You found it on level 3 of the Elven Halls)
 60264 | Elf:3    | Identified the +1 leather armour "Yzekaseh" {rCorr MP+9 Str-5 Slay+2} (You found it on level 3 of the Elven Halls)
 60445 | Elf:3    | Noticed Meriados's ghost (adept HaWr)
 60505 | Elf:3    | Killed Meriados's ghost
 61437 | Depths:1 | Reached skill level 15 in Armour
 61585 | Depths:2 | Received a gift from Okawaru
 61992 | Depths:2 | Reached skill level 14 in Necromancy
 62207 | Depths:2 | Got a crude morningstar {crush}
 62208 | Depths:2 | Identified the +10 morningstar "Renekhlaa" {crush, Dex+3} (You took it off a boggart on level 2 of the Depths)
 62259 | Depths:2 | Reached skill level 15 in Dodging
 62367 | Depths:2 | Noticed Boris
 62380 | Depths:2 | Killed Boris
 62885 | Depths:3 | Noticed Mennas
 62931 | Depths:3 | Gained mutation: Your melee attacks may debilitate your foes. [demonic ancestry]
 62931 | Depths:3 | Reached XP level 24. HP: 216/223 MP: 35/35
 63570 | Depths:3 | Received a gift from Okawaru
 63672 | Depths:3 | Reached skill level 1 in Air Magic
 63782 | Depths:3 | Noticed Jorgrun
 63796 | Depths:3 | Got a fine chain mail
 63799 | Depths:3 | Identified the cursed +0 chain mail of Slovenliness {-Tele Slay+4} (You found it on level 3 of the Depths)
 63938 | Depths:3 | Reached skill level 1 in Charms
 63975 | Depths:4 | Found a gateway to a ziggurat.
 64076 | Depths:3 | Found Lizept's Weapon Boutique.
 64403 | Depths:3 | Killed Jorgrun
 64422 | Depths:3 | Killed Mennas
 64432 | Depths:3 | Received a gift from Okawaru
 64571 | Depths:3 | Reached skill level 5 in Air Magic
 64620 | Depths:3 | Got a smelly scale mail
 64621 | Depths:3 | Identified the +6 scale mail of the Sacrificial Victim {*Corrode rElec rPois} (You found it on level 3 of the Depths)
 65056 | Lair:2   | Learned a level 4 spell: Ice Form
 65604 | Depths:4 | Reached skill level 15 in Necromancy
 66028 | Depths:4 | Identified the Volume of the Birds
 66031 | Depths:4 | Identified the Compendium of the Assistive Snowflakes
 66353 | Depths:4 | Received a gift from Okawaru
 66355 | Depths:4 | Got an ichor-stained scimitar {god gift}
 66363 | Depths:4 | Reached skill level 5 in Charms
 66364 | Depths:4 | Identified the +8 scimitar of Okawaru's Pride {antimagic, rPois rC+++ Str-4} (Okawaru gifted it to you on level 4 of the Depths)
 66577 | Depths:4 | Gained mutation: You regenerate a lot of health from kills. [demonic ancestry]
 66577 | Depths:4 | Reached XP level 25. HP: 228/230 MP: 36/36
 66682 | Depths:5 | Entered Level 5 of the Depths
 66696 | Depths:5 | Found a shattered altar of Ashenzari.
 66748 | Depths:5 | Paralysed by a floating eye for 2 turns
 66997 | Depths:5 | Found Docwaej's Armour Boutique.
 67226 | Depths:5 | Found a gate to the Realm of Zot.
 67497 | Depths:5 | Received a gift from Okawaru
 67925 | Hell     | Entered the Vestibule of Hell
 67933 | Hell     | Noticed Geryon
 67980 | Hell     | Found a gateway to the Iron City of Dis.
 68172 | Hell     | Killed Geryon
 68172 | Hell     | Reached skill level 16 in Necromancy
 68397 | Hell     | Reached skill level 10 in Air Magic
 68400 | Hell     | Received a gift from Okawaru
 68546 | Hell     | Found a gateway to the decaying netherworld of Tartarus.
 68634 | Hell     | Found a gateway to the ashen valley of Gehenna.
 68729 | Hell     | Found a gateway to the freezing wastes of Cocytus.
 69347 | Crypt:1  | Entered Level 1 of the Crypt
 70255 | Crypt:2  | Reached XP level 26. HP: 233/238 MP: 37/37
 70489 | Crypt:2  | Noticed Mara
 70496 | Crypt:2  | Noticed Alarkh's illusion
 70596 | Crypt:2  | Killed Mara
 70833 | Crypt:3  | Entered Level 3 of the Crypt
 71024 | Crypt:3  | Got a glittering steel ring
 71032 | Crypt:3  | Identified the ring "Lyffenat" {rN+ Dex+3} (You found it on level 3 of the Crypt)
 71278 | Crypt:3  | Found a staircase to the Tomb.
 71447 | Crypt:3  | Identified Huik's Papyrus of Sinister Magic
 71572 | Crypt:3  | Received a gift from Okawaru
 71592 | Crypt:3  | Got a faintly glowing scimitar {god gift}
 71593 | Crypt:3  | Identified the +7 scimitar of the Goat {freeze, *Drain rN+ Dex+4} (Okawaru gifted it to you on level 3 of the Crypt)
 71632 | Crypt:3  | Got a translucent amber ring
 71682 | Crypt:3  | Identified the ring "Icuwkaev" {rF- MR+++ Str+5 Slay+3} (You found it on level 3 of the Crypt)
 72056 | Crypt:3  | Found an ancient bone altar of Kikubaaqudgha.
 72058 | Crypt:3  | Noticed an ancient lich
 72067 | Crypt:3  | Killed an ancient lich
 72092 | Crypt:3  | Noticed an ancient lich
 72106 | Crypt:3  | Killed an ancient lich
 72106 | Crypt:3  | Reached skill level 17 in Necromancy
 72114 | Crypt:3  | Got a pair of faintly glowing gloves
 72145 | Crypt:3  | Identified the +0 pair of gloves of the Hills {rC- Int+5 Slay+5} (You found it on level 3 of the Crypt)
 72162 | Crypt:3  | Identified the ring "Arheics" {EV+2 Str+7} (You found it on level 3 of the Crypt)
 73114 | Hell     | Got a pair of warped gloves
 73125 | Hell     | Identified the +1 pair of gloves "Neatyg" {rF+ MR+} (You acquired it in the Vestibule of Hell)
 73445 | Vaults:5 | Entered Level 5 of the Vaults
 73452 | Vaults:5 | Received a gift from Okawaru
 73466 | Vaults:5 | Noticed an ancient lich
 73472 | Vaults:5 | Reached skill level 15 in Transmutations
 73484 | Vaults:5 | Killed an ancient lich
 73546 | Vaults:5 | Received a gift from Okawaru
 73565 | Vaults:4 | Reached skill level 15 in Spellcasting
 73748 | Vaults:5 | Got a clouded pewter ring
 73757 | Vaults:5 | Got a translucent ring mail
 73781 | Vaults:5 | Identified the cursed +0 ring mail of Reason {Slay+3 SInv} (You found it on level 5 of the Vaults)
 73793 | Vaults:5 | Identified the ring of Darkness {Ice rN+ Int+4 Dex-3} (You found it on level 5 of the Vaults)
 74033 | Vaults:5 | Reached XP level 27. HP: 240/245 MP: 38/38
 74233 | Vaults:5 | Reached skill level 10 in Charms
 74372 | Vaults:5 | Identified the Reference Book on Combat Magic and Clay
 74375 | Vaults:5 | Got a silver rune of Zot
 75075 | Vaults:5 | Identified the Handbook of Unholy Creation
 75178 | Vaults:5 | Received a gift from Okawaru
 75954 | Snake:4  | Bought 3 scrolls of acquirement for 2028 gold pieces
 75954 | Snake:4  | Bought a scroll of teleportation for 39 gold pieces
 75954 | Snake:4  | Bought a scroll of fear for 45 gold pieces
 75954 | Snake:4  | Bought a scroll of fear for 45 gold pieces
 76482 | Hell     | Got a fine buckler
 76493 | Hell     | Identified the +2 buckler of the Unseen Realm {Str+2} (You acquired it in the Vestibule of Hell)
 76504 | Hell     | Got a faintly glowing scarf
 76515 | Hell     | Identified the scarf "Koit" {rN+ Regen+} (You acquired it in the Vestibule of Hell)
 76526 | Hell     | Got an encrusted scarf
 76537 | Hell     | Identified the scarf of Wasted Space {*Corrode Slay+4} (You acquired it in the Vestibule of Hell)
 76538 | Hell     | Got a scorched hat
 76549 | Hell     | Identified the +1 hat of Beogh's Castigation {Int+6} (You acquired it in the Vestibule of Hell)
 76835 | D:10     | Bought the amulet of Xeocikk {RegenMP rF+++ rC+ rN+ Str-2} for 1343 gold pieces
 77437 | Depths:1 | Voluntarily entered the Abyss.
 77531 | Abyss:1  | Paralysed by you for 3 turns
 77563 | Abyss:1  | Reached skill level 18 in Necromancy
 77620 | Abyss:1  | Gained mutation: Your spells are a little easier to cast, but a little less powerful. [mutagenic glow]
 77664 | Abyss:1  | Gained mutation: You are dopey. (Int -2) [mutagenic glow]
 77694 | Abyss:1  | Gained mutation: You expend magic power (3 MP) to strengthen your wands. [mutagenic glow]
 78071 | Abyss:1  | Found a corrupted altar of Lugonu.
 78160 | Abyss:1  | Gained mutation: Your magical capacity is very low. (-20% MP) [a neqoxec]
 78584 | Abyss:3  | Found a corrupted altar of Lugonu.
 78659 | Abyss:3  | Found a corrupted altar of Lugonu.
 78906 | Abyss:3  | Found a corrupted altar of Lugonu.
 78952 | Abyss:3  | Received a gift from Okawaru
 78971 | Abyss:3  | Got a wizard robe {god gift}
 79026 | Abyss:3  | Gained mutation: You are clumsy. (Dex -2) [mutagenic meat]
 79027 | Abyss:3  | Gained mutation: You have a beak for a mouth. [mutagenic meat]
 79029 | Abyss:3  | Gained mutation: You are very clumsy. (Dex -4) [mutagenic meat]
 79030 | Abyss:3  | Lost mutation: Your spells are a little easier to cast, but a little less powerful. [mutagenic meat]
 79032 | Abyss:3  | Lost mutation: Your magical capacity is very low. (-20% MP) [mutagenic meat]
 79033 | Abyss:3  | Lost mutation: You possess an exceptional clarity of mind. [mutagenic meat]
 79034 | Abyss:3  | Lost mutation: You expend magic power (3 MP) to strengthen your wands. [mutagenic meat]
 79159 | Abyss:3  | Paralysed by accursed screaming for 1 turns
 79164 | Abyss:3  | Paralysed by accursed screaming for 1 turns
 79172 | Abyss:3  | Paralysed by accursed screaming for 1 turns
 79180 | Abyss:3  | Paralysed by accursed screaming for 1 turns
 79307 | Abyss:3  | Gained mutation: You possess an exceptional clarity of mind. [mutagenic meat]
 79308 | Abyss:3  | Lost mutation: You are robust. (+10% HP) [mutagenic meat]
 79348 | Abyss:3  | Got a pair of slimy boots
 79367 | Abyss:3  | Gained mutation: Your magical capacity is very low. (-20% MP) [mutagenic meat]
 79391 | Abyss:3  | Identified the +0 robe "Jeneucun" {*Slow rPois Regen+ Int+9} (Okawaru gifted it to you on level 3 of the Abyss)
 79598 | Abyss:3  | Paralysed by a floating eye for 3 turns
 80088 | Abyss:3  | Found a corrupted altar of Lugonu.
 80097 | Abyss:3  | Received a gift from Okawaru
 80119 | Abyss:3  | Got an abyssal rune of Zot
 80199 | Abyss:3  | Found a corrupted altar of Lugonu.
 80329 | Abyss:3  | Reached skill level 19 in Necromancy
 80674 | Abyss:3  | Paralysed by accursed screaming for 1 turns
 80682 | Abyss:3  | Paralysed by accursed screaming for 1 turns
 80712 | Abyss:3  | Identified the +4 pair of boots of Bynid {*Corrode +Fly Str+5 Dex+3} (You found it on level 3 of the Abyss)
 80730 | Abyss:3  | Found a sacrificial altar of Ru.
 80761 | Depths:1 | Escaped the Abyss
 81087 | Lair:2   | Lost mutation: You possess an exceptional clarity of mind. [potion of mutation]
 81087 | Lair:2   | Lost mutation: You are dopey. (Int -2) [potion of mutation]
 81087 | Lair:2   | Gained mutation: Your muscles are strong. (Str +2) [potion of mutation]
 81087 | Lair:2   | Gained mutation: You have a pair of small antennae on your head. [potion of mutation]
 81088 | Lair:2   | Lost mutation: You have a pair of small antennae on your head. [potion of mutation]
 81088 | Lair:2   | Lost mutation: You are very clumsy. (Dex -4) [potion of mutation]
 81088 | Lair:2   | Gained mutation: You have a pair of small horns on your head. [potion of mutation]
 81088 | Lair:2   | Lost mutation: You are clumsy. (Dex -2) [potion of mutation]
 81089 | Lair:2   | Lost mutation: You have a pair of small horns on your head. [potion of mutation]
 81089 | Lair:2   | Lost mutation: Your muscles are strong. (Str +2) [potion of mutation]
 81089 | Lair:2   | Lost mutation: You have a beak for a mouth. [potion of mutation]
 81089 | Lair:2   | Lost mutation: Your magical capacity is very low. (-20% MP) [potion of mutation]
 81089 | Lair:2   | Lost mutation: Your magical capacity is low. (-10% MP) [potion of mutation]
 81089 | Lair:2   | Gained mutation: Your spells are a little easier to cast, but a little less powerful. [potion of mutation]
 81089 | Lair:2   | Lost mutation: Your spells are a little easier to cast, but a little less powerful. [potion of mutation]
 81089 | Lair:2   | Gained mutation: You can translocate small distances at will. [potion of mutation]
 81095 | Lair:2   | Upgraded the game from 0.20-a0-920-gb18bc0f to 0.20-a0-923-g548304e
 82100 | Tomb:1   | Entered Level 1 of the Tomb of the Ancients
 82225 | Tomb:1   | Got a shimmering chain mail
 82236 | Tomb:1   | Identified the +2 chain mail of Catatonia {Int+4 Dex+3} (You found it on level 1 of the Tomb of the Ancients)
 82424 | Tomb:1   | Got a wavering granite ring
 82483 | Tomb:1   | Received a gift from Okawaru
 82690 | Tomb:1   | Noticed a greater mummy
 82701 | Tomb:1   | Killed a greater mummy
 82986 | Tomb:2   | Noticed a greater mummy
 82986 | Tomb:2   | Noticed a greater mummy
 82994 | Tomb:2   | Noticed a greater mummy
 82994 | Tomb:2   | Noticed a greater mummy
 83030 | Tomb:1   | Killed a greater mummy
 83035 | Tomb:1   | Killed a greater mummy
 83040 | Tomb:1   | Killed a greater mummy
 83070 | Tomb:2   | Killed a greater mummy
 83160 | Tomb:2   | Noticed Sojobo
 83188 | Tomb:2   | Killed Sojobo
 83564 | Tomb:1   | Noticed a greater mummy
 83571 | Tomb:1   | Noticed a greater mummy
 83576 | Tomb:1   | Noticed a greater mummy
 83581 | Tomb:1   | Noticed a greater mummy
 83583 | Tomb:1   | Killed a greater mummy
 83594 | Tomb:1   | Killed a greater mummy
 83594 | Tomb:1   | Reached skill level 20 in Necromancy
 83596 | Tomb:1   | Killed a greater mummy
 83605 | Tomb:1   | Killed a greater mummy
 83694 | Tomb:1   | Noticed a greater mummy
 83703 | Tomb:1   | Killed a greater mummy
 83878 | Tomb:1   | Noticed a greater mummy
 83878 | Tomb:1   | Noticed a greater mummy
 83894 | Tomb:1   | Noticed a greater mummy
 83894 | Tomb:1   | Killed a greater mummy
 83894 | Tomb:1   | Received a gift from Okawaru
 83899 | Tomb:1   | Killed a greater mummy
 83912 | Tomb:1   | Killed a greater mummy
 83927 | Tomb:1   | Got a pair of slimy gloves {god gift}
 84045 | Tomb:1   | Identified the ring "Kymusyff" {Ice Dex+4} (You found it on level 1 of the Tomb of the Ancients)
 84058 | Tomb:1   | Identified the +0 pair of gloves of the Black Moon {rC+ MR- Slay+3 Stlth+} (Okawaru gifted it to you on level 1 of the Tomb of the Ancients)
 84309 | Tomb:1   | Noticed a greater mummy
 84325 | Tomb:1   | Killed a greater mummy
 84328 | Tomb:1   | Noticed a greater mummy
 84339 | Tomb:1   | Killed a greater mummy
 84386 | Tomb:1   | Noticed a greater mummy
 84396 | Tomb:1   | Killed a greater mummy
 84421 | Tomb:1   | Noticed a greater mummy
 84422 | Tomb:1   | Noticed a greater mummy
 84432 | Tomb:1   | Killed a greater mummy
 84437 | Tomb:1   | Killed a greater mummy
 84462 | Tomb:1   | Noticed a greater mummy
 84479 | Tomb:1   | Killed a greater mummy
 84501 | Tomb:1   | Noticed a greater mummy
 84506 | Tomb:1   | Noticed a greater mummy
 84514 | Tomb:1   | Killed a greater mummy
 84524 | Tomb:1   | Killed a greater mummy
 84537 | Tomb:1   | Noticed a greater mummy
 84539 | Tomb:1   | Noticed a greater mummy
 84546 | Tomb:1   | Killed a greater mummy
 84547 | Tomb:1   | Noticed a greater mummy
 84552 | Tomb:1   | Killed a greater mummy
 84553 | Tomb:1   | Noticed a greater mummy
 84555 | Tomb:1   | Noticed a greater mummy
 84559 | Tomb:1   | Killed a greater mummy
 84563 | Tomb:1   | Noticed a greater mummy
 84568 | Tomb:1   | Killed a greater mummy
 84568 | Tomb:1   | Received a gift from Okawaru
 84573 | Tomb:1   | Killed a greater mummy
 84573 | Tomb:1   | Reached skill level 21 in Necromancy
 84584 | Tomb:1   | Killed a greater mummy
 84770 | Tomb:3   | Entered Level 3 of the Tomb of the Ancients
 84798 | Tomb:2   | Received a gift from Okawaru
 84879 | Tomb:3   | Noticed a greater mummy
 84883 | Tomb:3   | Noticed a greater mummy
 84904 | Tomb:3   | Noticed a greater mummy
 84904 | Tomb:3   | Noticed an ancient lich
 84905 | Tomb:3   | Noticed a greater mummy
 84906 | Tomb:3   | Noticed a greater mummy
 84916 | Tomb:3   | Noticed a greater mummy
 84933 | Tomb:3   | Killed an ancient lich
 84967 | Tomb:2   | Killed a greater mummy
 85132 | Tomb:3   | Noticed a greater mummy
 85141 | Tomb:3   | Killed a greater mummy
 85144 | Tomb:3   | Noticed Khufu
 85149 | Tomb:3   | Killed a greater mummy
 85149 | Tomb:3   | Received a gift from Okawaru
 85156 | Tomb:3   | Killed a greater mummy
 85167 | Tomb:2   | Killed a greater mummy
 85201 | Tomb:3   | Killed a greater mummy
 85246 | Tomb:2   | Killed a greater mummy
 85374 | Tomb:2   | Killed Khufu
 85512 | Tomb:3   | Got a golden rune of Zot
 85885 | Tomb:3   | Identified the Papyrus of Dusty Enchantment
 88326 | Pan      | Entered Pandemonium
 88380 | Pan      | Noticed Jiekept the pandemonium lord
 88419 | Pan      | Killed Jiekept the pandemonium lord
 88419 | Pan      | Received a gift from Okawaru
 88420 | Pan      | Got a polished scimitar {god gift}
 88434 | Pan      | Reached skill level 22 in Necromancy
 88477 | Pan      | Identified the +9 scimitar of Eternity {speed, +Rage +Inv MR- Int+4} (Okawaru gifted it to you in Pandemonium)
 88743 | Pan      | Got a coiled turquoise ring
 88790 | Pan      | Identified the cursed ring "Meng" {Int-2 Dex+4} (You took it off a red devil in Pandemonium)
 88876 | Pan      | Received a gift from Okawaru
 89193 | Pan      | Found a runed door.
 89205 | Pan      | Found a runed door.
 89320 | Pan      | Found a runed door.
 89331 | Pan      | Found a runed door.
 89352 | Pan      | Noticed Eniub the pandemonium lord
 89371 | Pan      | Killed Eniub the pandemonium lord
 89381 | Pan      | Got a faintly glowing hunting sling
 89382 | Pan      | Identified the cursed +1 hunting sling of Gein {flame, rC+ Dex+4} (You took it off a monstrous demonspawn in Pandemonium)
 89394 | Pan      | Found an exit through the horrors of the Abyss.
 89734 | Pan      | Noticed Keitola the pandemonium lord
 90058 | Pan      | Found a white marble altar of Elyvilon.
 90074 | Pan      | Received a gift from Okawaru
 90086 | Pan      | Got a fine robe {god gift}
 90398 | Pan      | Got a crude cloak
 90409 | Pan      | Identified the +0 cloak "Kayxas" {rC+ SInv} (You found it in Pandemonium)
 90610 | Pan      | Reached skill level 23 in Necromancy
 90774 | Pan      | Got an encrusted ring mail
 90859 | Pan      | Found a glowing silver altar of Zin.
 91058 | Pan      | Identified the +7 ring mail of the Will of the Gods {Dex+2} (You took it off an angel in Pandemonium)
 91346 | Pan      | Got a faintly glowing leather armour
 91496 | Pan      | Got a bound lead ring
 91498 | Pan      | Identified the ring "Nooged" {MR+++ AC+1 Int-2 Dex+6} (You took it off a cherub in Pandemonium)
 91843 | Pan      | Received a gift from Okawaru
 92054 | Pan      | Identified the cursed +0 leather armour "Pudoec" {*Slow rElec rN+} (You took it off an angel in Pandemonium)
 92061 | Pan      | Got a slimy scale mail
 92067 | Pan      | Identified the +3 scale mail of the Solstice {rN+ Slay+3} (You took it off a cherub in Pandemonium)
 92088 | Pan      | Identified the +1 robe "Bam Zyqita" {rN+} (Okawaru gifted it to you in Pandemonium)
 92184 | Pan      | Reached skill level 15 in Air Magic
 92548 | Pan      | Found a glowing golden altar of the Shining One.
 92548 | Pan      | Noticed a seraph
 92579 | Pan      | Killed a seraph
 92579 | Pan      | Received a gift from Okawaru
 93053 | Pan      | Got a demonic rune of Zot
 93090 | Pan      | Got a dazzling scimitar {god gift}
 93093 | Pan      | Identified the +3 scimitar of the Empty Page {vamp, rF- Int+7} (Okawaru gifted it to you in Pandemonium)
 93098 | Pan      | Got a faintly glowing long sword {holy}
 93160 | Depths:2 | Escaped Pandemonium
 93222 | Hell     | Identified the +4 long sword "Edukhutu" {holy, Dex+6} (You took it off an angel in Pandemonium)
 93629 | D:10     | Bought the ring "Weoxum" {+Blink rC+ MR+ Stlth+} for 829 gold pieces
 93803 | Vaults:2 | Bought a potion of curing for 54 gold pieces
 93803 | Vaults:2 | Bought a potion of heal wounds for 90 gold pieces
 93803 | Vaults:2 | Bought 2 potions of curing for 108 gold pieces
 93803 | Vaults:2 | Bought a potion of curing for 54 gold pieces
 93803 | Vaults:2 | Bought a potion of curing for 54 gold pieces
 93803 | Vaults:2 | Bought a potion of agility for 72 gold pieces
 93803 | Vaults:2 | Bought a potion of might for 72 gold pieces
 94003 | Elf:2    | You paid a toll of 7 potions of agility to enter a treasure trove
 94004 | Trove    | Entered a treasure trove
 94013 | Trove    | Got a jewelled helmet
 94015 | Trove    | Got a faintly humming hat
 94019 | Trove    | Got a twisted shield
 94024 | Trove    | Got a transparent robe
 94030 | Trove    | Got a brightly glowing buckler
 94032 | Trove    | Got a transparent shield
 94064 | Elf:2    | Identified the +1 helmet of Hedging {-Cast +Blink rPois Str-2} (You found it in a treasure trove)
 94074 | Elf:2    | Identified the +0 shield "Faat" {rF+ rC+ Int+3} (You found it in a treasure trove)
 94084 | Elf:2    | Identified the +2 shield of Pithonod {MR+ Stlth+} (You found it in a treasure trove)
 94094 | Elf:2    | Identified the +5 buckler "Koskugra" {rF+ Stlth+} (You found it in a treasure trove)
 94114 | Elf:2    | Identified the +1 hat of the Lion {rPois} (You found it in a treasure trove)
 94124 | Elf:2    | Identified the cursed +1 robe of Life {Int+6} (You found it in a treasure trove)
 95163 | Slime:1  | Entered Level 1 of the Pits of Slime
 95307 | Slime:3  | Received a gift from Okawaru
 96256 | Slime:5  | Entered Level 5 of the Pits of Slime
 96482 | Slime:5  | Paralysed by a floating eye for 3 turns
 96566 | Slime:5  | Noticed the Royal Jelly
 96580 | Slime:5  | Found a viscous altar of Jiyva.
 96587 | Slime:5  | Killed the Royal Jelly
 96587 | Slime:5  | Received a gift from Okawaru
 96612 | Slime:5  | Got a pitted long sword {god gift}
 96662 | Slime:5  | Got a vibrating glass ring
 96666 | Slime:5  | Got a coiled pewter ring
 96692 | Slime:5  | Identified the Tome of Igneous Aid
 96712 | Slime:5  | Got a slimy rune of Zot
 96873 | Lair:6   | Identified the ring "Udu Babb" {MR+ Str+8 Int+3} (You found it on level 5 of the Pits of Slime)
 96875 | Lair:6   | Identified the ring of Compulsion {*Contam +Blink rPois EV+1 Dex+3} (You found it on level 5 of the Pits of Slime)
 97303 | Hell     | Identified the +8 long sword "Ultimatum" {slice, rN+ Int+4} (Okawaru gifted it to you on level 5 of the Pits of Slime)
 97329 | Hell     | Learned a level 8 spell: Controlled Blink
 97383 | Pan      | Entered Pandemonium
 97643 | Pan      | Noticed Olebb the pandemonium lord
 97669 | Pan      | Killed Olebb the pandemonium lord
 97669 | Pan      | Received a gift from Okawaru
 97824 | Pan      | Noticed Vaibbe the pandemonium lord
 98018 | Pan      | Killed Vaibbe the pandemonium lord
 98024 | Pan      | Found an exit through the horrors of the Abyss.
 98079 | Pan      | Got a brightly glowing helmet
 98171 | Pan      | Identified the +0 helmet "Teexu" {rPois rCorr} (You acquired it in Pandemonium)
 98182 | Depths:2 | Escaped Pandemonium
 98246 | Hell     | Learned a level 5 spell: Aura of Abjuration
 98325 | Pan      | Entered Pandemonium
 98451 | Pan      | Received a gift from Okawaru
 98590 | Pan      | Found an exit through the horrors of the Abyss.
 98773 | Pan      | Reached skill level 1 in Summonings
 98976 | Pan      | Found an exit through the horrors of the Abyss.
 99105 | Pan      | Noticed Hyr Peed the pandemonium lord
 99121 | Pan      | Killed from afar by a monstrous black sun

Vault maps used:
D:1:      roderic_octagonal_star, minmay_splitting_lines, st_stairs_12
D:2:      minmay_strange_pillars, elyvilon_altar_3
D:3:      chequers_ecumenical_altar_simple_redux, uniq_jessica,
          uniq_crazy_yiuf_cottage
D:4:      lemuel_zombie_altar_yredelemnul, minmay_temple_entry_junction_2,
          minivault_27, sigmund_army
D:5:      first_bread
D:8:      grunt_lair_entry_orc_guard_hut, uniq_erica, uniq_psyche
D:9:      uniq_erolcha
D:10:     david_orc_3, serial_shops, shop, shop_coins, uniq_harold
D:11:     hangedman_decor_lopped, st_stairs_11, hangedman_pestilent_swarm,
          uniq_josephine, uniq_grum
D:12:     wad_woods_pond, grunt_ministairs_10, spider_trap
D:13:     uniq_urug, uniq_sonja
D:14:     erik_vaults_1, lab_entry_generic, nicolae_gozag_seed_capital
D:15:     hangedman_slaughterboxes, serial_shops, uniq_azrael
Temple:   nicolae_temple_the_god_donut
Lair:1:   lemuel_ratsnest, basic_altar
Lair:2:   portal_ice_cave_entry_ice_beasts, minmay_lair_oklob_chamber
Lair:3:   minmay_snake_entry_spellcaster, grunt_forest_stairs_basic,
          beast_lair_carwin_6
Lair:4:   shoals_dummy_entry
Lair:5:   beast_lair_carwin_large_4, uniq_nessos
Lair:6:   evilmike_catoblepas_cave, dpeg_slime_entry_enclosed_altar
Shoals:1: serial_shops, shop, abandoned_shop, nicolae_shoals_drake_roost
Shoals:2: nicolae_shoals_square_sea_wall, uniq_polyphemus, uniq_kirke,
          uniq_roxanne, uniq_frances
Shoals:4: shoals_end_grunt_ice, shoals_ilsuiw_ice, abandoned_shop
Snake:1:  st_stairs_14, minmay_shoptagon, serial_bayou_shore_b
Snake:2:  kennysheep_six_static_rooms, st_stairs_3
Snake:3:  serial_shops, shop, nicolae_snake_horde_hoard, uniq_asterion
Snake:4:  johnstein_snake_rune_scales, serial_shops, shop, shop,
          nicolae_shop_temple_entry_statues_fountains, minmay_shop_star
Slime:4:  uniq_dissolution
Orc:1:    serial_shops, nicolae_shop_waterfront,
          nicolae_shop_competitors_out_of_business, nicolae_shop_statue_plus,
          basic_altar, bh_open_orc_temple
Orc:2:    pf_orc_diabolical, mines_bat_river
Elf:1:    minmay_elf_arrival_circle, serial_shops, shop, minmay_elf_demonology,
          grunt_ministairs_2, spider_trap, uniq_donald
Elf:2:    nicolae_trove_entry_crossroad, serial_shops, shop, shop, shop
Elf:3:    minmay_elf_hall, serial_sigils_hangedman_scar
Vaults:1: ontoclasm_vaults_fault, nicolae_vaults_network_star,
          vaults_dpeg_encased_lava, v_misc_15,
          nicolae_vaults_bisected_inception, hangedman_vaults_restitches,
          st_check, nicolae_vaults_little_squares_4,
          portal_desolation_entry_nicolae_nacl, serial_shops,
          nicolae_shop_waterfront, uniq_aizul
Vaults:2: minmay_crypt_entry_nasty_monster, nicolae_vaults_little_squares_4,
          nicolae_vaults_network_s, st_hourglassy,
          nicolae_vaults_border_crossing, nicolae_vaults_three_branches,
          nicolae_vaults_mini_display_case, hangedman_vaults_nails,
          vaults_mumra_hex, nicolae_vaults_little_squares_6, serial_shops, shop
Vaults:3: v_pattern_4, vaults_mumra_chevron_long, v_misc_10,
          hangedman_vaults_impose, ontoclasm_vaults_idyll,
          ontoclasm_vaults_ring_large, hangedman_vaults_trim, v_misc_25,
          grunt_vaults_hallway_short, v_misc_3, v_misc_30,
          ontoclasm_vaults_ring_small
Vaults:4: nicolae_vaults_fighting_squares, v_misc_22, vaults_mumra_minichess,
          v_rooms_4, vaults_room_corners, ontoclasm_vaults_ring_square,
          hangedman_vaults_cutoff
Crypt:1:  minmay_guarded_unrand_majin_bo
Crypt:2:  grunt_ministairs_7, uniq_mara
Crypt:3:  quadcrypt_mu
Tomb:2:   uniq_sojobo
Depths:1: minmay_misc_feat_rugged, hell_entry, abyss_entry, st_stairs_11,
          serial_bayou_pond_b, minmay_holes, grunt_ministairs_1,
          grunt_megastairs_3
Depths:2: hangedman_screamer, grunt_hell_entry_dis_mu, hex_tiny,
          grunt_pan_entry_zigzag, abyss_entry, serial_bayou_shore_b,
          infiniplex_staircase_star
Depths:3: minmay_haunted_quarter, rand_demon_pan_entry_3, serial_shops,
          kennysheep_mini, grunt_decor_clamped, hell_entry,
          hangedman_decor_cross_pass, infiniplex_staircase_diamond,
          basic_stair_grate_trap, uniq_mennas, uniq_jorgrun
Depths:4: grunt_crosshair, enter_ziggurat_b, nrook_mini_vaults, abyss_entry,
          hell_entry, minmay_staircase_bubble
Depths:5: grunt_zot_entry_funnels, grunt_hell_horde, abyss_entry, serial_shops,
          nicolae_shop_competitors_out_of_business, nicolae_ashenzari_panopticon
Abyss:1:  bh_abyss_exit_spiral
Abyss:2:  lemuel_flamethrower_3
Abyss:3:  dshaligram_kb_abyss_rune_zappy_water_cross, evilmike_abyss_exit_8
Pan:      rand_demon_3, special_room, pan_blood_fountain_small,
          evilmike_mini_pan_possible_glass, nicolae_pan_gloorx_vloqian_3,
          rand_demon_2, pan_blood_fountain_2, rand_demon_7,
          evilmike_mini_pan_3x3, rand_demon_2, pan_blood_fountain_small,
          evilmike_holy_pan, grunt_pan_spiral, rand_demon_3,
          nicolae_pan_sigil_obb, grunt_pan_zigzag, reaverb_pan_figure_eight,
          reaverb_pan_squares, rand_demon_6, pan_blood_fountain
Lab:      labyrinth_spiral, nicolae_lab_very_dead_end, labyrinth_lava_lair,
          nicolae_lab_t_cross, labyrinth_skeletal_remains, nicolae_lab_dead_end
Trove:    trove_armour_six_rooms
IceCv:    ice_cave_small_demon

Skill      XL: |  1  2  3  4  5  6  7  8  9 10 11 12 13 14 15 16 17 18 19 20 21 22 23 24 25 26 27 |
---------------+----------------------------------------------------------------------------------+-----
Long Blades    | 2 3 4 5 6 8 9 10 11 12 13 14 15 16 | 16.0
Armour         | 3 4 5 6 7 8 9 10 11 12 13 14 15 | 15.5
Shields        | 3 4 5 6 7 8 9 10 11 12 13 14 15 | 15.0
Dodging        | 1 2 3 4 5 6 7 8 9 10 11 12 13 14 15 | 15.3
Fighting       | 4 5 6 7 8 9 10 11 12 13 14 15 16 | 16.0
Invocations    | 1 5 7 8 |  8.0
Evocations     | 3 5 6 7 8 9 |  9.4
Necromancy     | 3 5 7 8 9 11 12 13 14 15 16 17 23 | 23.2
Spellcasting   | 2 4 5 7 8 9 10 11 12 13 14 15 21 | 21.8
Transmutations | 2 4 5 7 8 9 10 11 12 13 14 15 20 | 20.4
Air Magic      | 7 11 12 19 | 19.1
Charms         | 5 7 9 12 | 12.2
Summonings     | 2 |  2.6

Action                   |  1- 3 |  4- 6 |  7- 9 | 10-12 | 13-15 | 16-18 | 19-21 | 22-24 | 25-27 || total
-------------------------+-------+-------+-------+-------+-------+-------+-------+-------+-------++-------
Melee: Long sword        |   129 |   177 |   471 |       |       |       |       |       |       ||   777
       Kick              |    10 |    50 |   120 |       |   510 |   695 |   528 |   740 |  2574 ||  5227
       Scimitar          |       |       |     1 |   710 |  1204 |  1665 |    24 |       |       ||  3604
       Double sword      |       |       |       |       |       |       |  1333 |  1952 |  5968 ||  9253
       Unarmed           |       |       |       |       |       |       |       |     6 |    21 ||    27
       Peck              |       |       |       |       |       |       |       |       |   161 ||   161
       Katana            |       |       |       |       |       |       |       |       |    52 ||    52
 Cast: Regeneration      |       |       |       |       |       |       |    18 |    18 |    63 ||    99
       Ice Form          |       |       |       |       |       |       |       |     4 |       ||     4
       Deflect Missiles  |       |       |       |       |       |       |       |       |     9 ||     9
       Necromutation     |       |       |       |       |       |       |       |       |    47 ||    47
       Dispel Undead     |       |       |       |       |       |       |       |       |    32 ||    32
       Passwall          |       |       |       |       |       |       |       |       |     1 ||     1
Invok: Heroism           |       |     1 |     4 |     8 |    19 |    13 |    10 |    12 |    28 ||    95
       Finesse           |       |       |       |       |     2 |     3 |     1 |     2 |    10 ||    18
 Abil: Evoke Berserk Rag |       |       |     1 |     5 |     4 |     7 |    10 |     1 |     1 ||    29
       End Transformatio |       |       |       |       |       |       |       |     3 |     3 ||     6
       Blink             |       |       |       |       |       |       |       |       |    15 ||    15
Evoke: Wand              |       |       |       |     3 |       |       |       |     1 |     5 ||     9
       Staff of Wucad Mu |       |       |       |       |       |       |       |       |     1 ||     1
  Use: Scroll            |     2 |     4 |     9 |    11 |    11 |    15 |     7 |    17 |    43 ||   119
       Potion            |       |       |     5 |     4 |     3 |     1 |     3 |     5 |    18 ||    39
 Stab: Invisible         |       |       |     8 |       |       |       |     1 |       |       ||     9
       Petrified         |       |       |       |       |     3 |       |       |     2 |       ||     5
       Petrifying        |       |       |       |       |     1 |       |       |     2 |       ||     3
       Distracted        |       |       |       |       |       |       |       |       |     1 ||     1
  Eat: Chunk             |     2 |     7 |    22 |    23 |    37 |    29 |    46 |    45 |    77 ||   288
       Fruit             |       |     2 |       |       |       |       |       |       |       ||     2
       Meat ration       |       |       |       |     1 |     1 |     3 |       |       |     3 ||     8
       Bread ration      |       |       |       |     1 |       |     2 |       |       |     5 ||     8
       Royal jelly       |       |       |       |       |       |     1 |       |       |     5 ||     6
Armor: Scale mail        |    58 |    60 |    75 |       |       |       |       |       |       ||   193
       Leather armour    |       |       |    45 |       |       |       |       |       |       ||    45
       Ring mail         |       |       |    46 |   196 |   332 |   234 |   176 |       |       ||   984
       Pearl dragon scal |       |       |       |       |       |       |    97 |   466 |  2047 ||  2610
       Skin              |       |       |       |       |       |       |       |     1 |       ||     1
Dodge: Dodged            |    50 |    47 |   194 |   292 |   604 |   723 |   546 |   646 |  3013 ||  6115
       Deflected         |       |       |       |       |       |       |       |       |    75 ||    75
Block: Shield            |    67 |    85 |   221 |   315 |   665 |  1165 |  1055 |  1339 |  5084 ||  9996
       Buckler           |       |       |       |     2 |       |       |       |       |       ||     2
       Rpst.: Long sword |    17 |    14 |    48 |       |       |       |       |       |       ||    79
       Scimitar          |       |       |       |    81 |   162 |   125 |     1 |       |       ||   369
       Double sword      |       |       |       |       |       |       |    99 |   110 |   645 ||   854
       Katana            |       |       |       |       |       |       |       |       |     7 ||     7
